 Dungeon Crawl Stone Soup version 0.19.4-10-g532645f (webtiles) character file.

18092 JNO the Spear-Bearer (level 12, -1/96 HPs)
             Began as a Human Fighter on Feb 24, 2017.
             Was a Priest of the Shining One.
             Slain by a death yak (15 damage)
             ... on level 10 of the Dungeon.
             The game lasted 01:25:29 (17793 turns).

JNO the Spear-Bearer (Human Fighter)               Turns: 17793, Time: 01:25:30

Health: -1/96      AC:  9    Str: 17    XL:     12   Next: 90%
Magic:  19/20      EV: 18    Int:  9    God:    the Shining One [***...]
Gold:   395        SH: 16    Dex: 17    Spells: 1 memorised, 21 levels left

rFire  . . .     SeeInvis .     a - +3 trident
rCold  . . .     Gourm    .     J - +3 leather armour {rPois}
rNeg   + . .     Faith    .     c - +0 shield
rPois  +         Spirit   .     (no helmet)
rElec  .         Reflect  .     y - +1 cloak
rCorr  .         Harm     .     (no gloves)
MR     .....     Rnd*Tele +     (no boots)
Stlth  +.........               (no amulet)
                                O - +4 ring of evasion
                                o - ring of teleportation

@: divine shield, glowing
A: no striking features
a: Divine Shield, Renounce Religion


You were on level 10 of the Dungeon.
You worshipped the Shining One.
The Shining One was most pleased with you.
You were not hungry.

You visited 3 branches of the dungeon, and saw 13 of its levels.

You collected 645 gold pieces.
You spent 250 gold pieces at shops.

Inventory:

Hand Weapons
 a - a +3 trident (weapon)
 x - a +0 blowgun
 H - a +3 flail of holy wrath
Missiles
 i - 3 exploding tomahawks (quivered)
 w - 8 javelins
 I - 205 stones
Armour
 c - a +0 shield (worn)
 u - +2 ice dragon scales
 y - a +1 cloak (worn)
 F - a +2 leather armour of fire resistance
 J - a +3 leather armour of poison resistance (worn)
Jewellery
 b - an uncursed ring of ice
 o - a ring of teleportation (left hand)
 G - an uncursed ring of see invisible
 M - an uncursed ring of protection from fire
 O - a +4 ring of evasion (right hand)
Wands
 d - a wand of heal wounds (0/9)
 t - a wand of digging (21/24)
 v - a wand of flame (0/48)
 B - a wand of disintegration (6/24)
 E - a wand of slowing (9/48)
 L - a wand of acid (1/15)
 N - a wand of polymorph (9/24)
 Q - a wand of iceblast (7/15)
 U - a wand of flame (31/48)
Scrolls
 h - 2 scrolls of remove curse
 n - 3 scrolls of amnesia
 s - a scroll of immolation {unknown}
 C - a scroll of summoning {unknown}
 D - a scroll of fog {unknown}
 P - 2 scrolls of fear {unknown}
 R - 2 scrolls of identify
Potions
 e - a potion of flight {unknown}
 g - 4 potions of brilliance
 p - 3 potions of magic
 r - 2 potions of curing
 K - a potion of cancellation
Books
 A - a book of Maledictions

   Spells                             Type                      Level
   a - Corona                         Hexes                        1
   b - Ensorcelled Hibernation        Hexes/Ice                    2
   c - Confuse                        Hexes                        3
   d - Tukima's Dance                 Hexes                        3
   e - Dazzling Spray                 Conjuration/Hexes            3
Comestibles
 f - 9 bread rations
 j - 5 meat rations
 k - 2 royal jellies
 l - 4 beef jerkies
 q - 5 fruits
 z - 4 chunks of flesh


   Skills:
 + Level 9.5 Fighting
 - Level 10.4 Polearms
 - Level 6.1 Armour
 - Level 6.3 Dodging
 - Level 6.3 Shields
 + Level 5.7 Spellcasting
 + Level 6.3 Hexes
 - Level 3.5 Invocations
 - Level 6.0 Evocations


You had 21 spell levels left.
You knew the following spells:

 Your Spells              Type           Power        Failure   Level  Hunger
a - Corona                Hex            ##.....      10%         1    None


Dungeon Overview and Level Annotations

Branches:
Dungeon (10/15)            Temple (1/1) D:6            Lair (2/6) D:10
    Orc (0/2) D:9
  Swamp: Lair:2-4    Shoals: Lair:2-4     Snake: Lair:2-4    Spider: Lair:2-4

Altars:
Ashenzari
Cheibriados
Dithmenos
Elyvilon
Fedhas
Gozag
Hepliaklqana
Kikubaaqudgha
Nemelex Xobeh
Okawaru
Qazlal
Ru
Sif Muna
Trog
Uskayaw
Vehumet
Xom
Yredelemnul
Zin
The Shining One

Shops:
D:9 :

Annotations:
D:8 exclusion: downstairs
D:9 exclusion: downstairs
Lair:1 exclusions: downstairs, 2 electric eels and 2 more exclusions


Message History

The death yak closely misses you.
There is a staircase back to the Dungeon, spattered with blood here.
The death yak closely misses you.
You climb upwards.
Welcome back to the Dungeon!
There is a staircase to the Lair, spattered with blood here.
Put on which piece of jewellery? (? for menu, Esc to quit)
You're wearing all the rings you can.
Remove which one? (? for menu, Esc to cancel) < or
b - a ring of ice; > or
O - a +4 ring of evasion You remove your ring of ice.
You feel slightly jumpy.
o - a ring of teleportation (left hand)
You block the death yak's attack.
Your shield is strengthened by the Shining One's divine power.
You feel slightly more hungry. You block the death yak's attack.
You see here an arrow.
Items here: ))) [[ a flail; a robe; a dagger of venom; a robe; a dagger The death yak gores you!
You die...

# #..#####.....P[## #
######......#.......#
#
#......#######.....##
# ###.######
####...## # #.....#
#.##..## # #.....#
#..).## # #.....#
#.#### # #.....#
###Y# # #.....# #.@.#
# ####### #[###
######### #.#
##......# #.#
##.#..#.#######.#
#.#............#
#.#.##.#########
##.#.##.# .).)....#


You could see a death yak.

Vanquished Creatures
  A death yak (Lair:1)
  A manticore (D:10)
  A siren (Lair:2)
  3 black mambas (Lair:1)
  A spiny frog (Lair:1)
  2 rime drakes (Lair:1)
  2 komodo dragons (Lair:2)
  2 trolls
  A merfolk (D:9)
  2 two-headed ogres
  5 hippogriffs
  8 blink frogs
  A wraith (D:10)
  3 wyverns
  A hungry ghost (D:10)
  Eustachio (D:5)
  2 basilisks (Lair:2)
  17 yaks
  3 wargs (D:10)
  6 water moccasins
  5 porcupines
  4 orc warriors
  2 hornet zombies
  An ice beast (D:9)
  A phantom (D:9)
  4 ogres
  3 sky beasts
  5 wolves
  2 crocodiles
  2 centaurs
  12 bullfrogs
  2 wyvern skeletons
  A scorpion (D:10)
  7 killer bees
  11 wights
  2 howler monkeys
  3 crimson imps
  2 centaur zombies
  A bullfrog zombie (D:8)
  6 hounds
  10 orc priests
  3 jellies
  3 centaur skeletons
  10 orc wizards
  Jessica (D:3)
  4 iguanas
  Natasha (thrice) (D:3)
  4 worker ants
  A hound zombie (D:5)
  A howler monkey zombie (D:10)
  2 worker ant zombies
  2 howler monkey skeletons
  7 gnolls
  11 adders
  2 shadow imps
  An ooze (D:3)
  A worm (D:2)
  3 leopard geckos
  53 orcs
  3 ball pythons
  6 bats
  4 giant cockroaches
  3 goblins
  5 hobgoblins
  4 jackals (D:6)
  4 quokkas
  6 frilled lizards
  6 kobolds
  7 rats
309 creatures vanquished.

Vanquished Creatures (collateral kills)
  An orc (D:6)
1 creature vanquished.

Vanquished Creatures (others)
  A ghoul (D:1)
  A minotaur (D:1)
  3 vine stalkers (D:1)
  A troll (D:1)
  2 nagas (D:1)
  A dwarf (D:1)
  An ogre (D:1)
  3 centaurs (D:1)
  A worker ant zombie (D:6)
  3 orcs
  3 fungi (Lair:2)
  2 plants (Lair:2)
  7 tentacles (D:1)
29 creatures vanquished.

Grand Total: 339 creatures vanquished

Notes
Turn   | Place    | Note
-------+----------+-------------------------------------------
     0 | D:1      | JNO the Human Fighter began the quest for the Orb.
     0 | D:1      | Reached XP level 1. HP: 18/18 MP: 1/1
     2 | D:1      | Noticed a centaur
     2 | D:1      | Noticed a vine stalker
     2 | D:1      | Noticed a minotaur
     2 | D:1      | Noticed a ghoul
     2 | D:1      | Noticed a dwarf
     2 | D:1      | Noticed a naga
     2 | D:1      | Noticed a vine stalker
     2 | D:1      | Noticed a vine stalker
     2 | D:1      | Noticed a kraken
     2 | D:1      | Noticed an ogre
     2 | D:1      | Noticed a centaur
     2 | D:1      | Noticed a troll
     2 | D:1      | Noticed a centaur
     2 | D:1      | Noticed a naga
     5 | D:1      | Killed a centaur
     6 | D:1      | Killed a centaur
     7 | D:1      | Killed a vine stalker
     7 | D:1      | Killed a vine stalker
     8 | D:1      | Killed a dwarf
     9 | D:1      | Killed a centaur
    10 | D:1      | Killed a vine stalker
    10 | D:1      | Killed an ogre
    12 | D:1      | Killed a troll
    13 | D:1      | Killed a ghoul
    14 | D:1      | Killed a naga
    15 | D:1      | Killed a minotaur
    17 | D:1      | Killed a naga
   152 | D:1      | Reached XP level 2. HP: 24/24 MP: 2/2
   225 | D:1      | Found an iron altar of Okawaru.
   311 | D:1      | Reached skill level 3 in Polearms
   655 | D:1      | Reached XP level 3. HP: 22/29 MP: 3/3
  1247 | D:3      | Noticed Natasha
  1255 | D:3      | Killed Natasha
  1255 | D:3      | Reached skill level 4 in Polearms
  1255 | D:3      | Reached XP level 4. HP: 28/35 MP: 4/4
  1322 | D:3      | Noticed Jessica
  1325 | D:3      | Killed Jessica
  1325 | D:3      | Reached skill level 1 in Dodging
  1414 | D:3      | Reached XP level 5. HP: 35/41 MP: 5/5
  1632 | D:3      | Noticed Natasha
  1654 | D:3      | Killed Natasha
  1934 | D:3      | Noticed Natasha
  1969 | D:3      | Killed Natasha
  2110 | D:3      | Reached XP level 6. HP: 47/47 MP: 6/6
  2893 | D:4      | Reached skill level 5 in Polearms
  3139 | D:4      | Found a deep blue altar of Sif Muna.
  3396 | D:4      | Reached XP level 7. HP: 49/52 MP: 7/7
  3428 | D:4      | Found an opulent altar of Gozag.
  3688 | D:5      | Entered Level 5 of the Dungeon
  3737 | D:5      | Reached skill level 1 in Evocations
  3780 | D:5      | Noticed Eustachio
  3791 | D:5      | Killed Eustachio
  4279 | D:4      | HP: 2/53 [orc wizard/puff of flame (13)]
  4980 | D:5      | HP: 2/53 [hornet zombie (4)]
  5187 | D:5      | Reached XP level 8. HP: 24/60 MP: 9/9
  5751 | D:5      | Found a stormy altar of Qazlal.
  6333 | D:6      | Found a staircase to the Ecumenical Temple.
  6350 | Temple   | Entered the Ecumenical Temple
  6468 | Temple   | Became a worshipper of the Shining One
  6556 | D:6      | Found a faded altar of an unknown god.
  6556 | D:6      | Found a faded altar of an unknown god.
  6562 | D:6      | Found a faded altar of an unknown god.
  6564 | D:6      | Found a snail-covered altar of Cheibriados.
  6565 | D:6      | Found a faded altar of an unknown god.
  6693 | D:5      | Reached XP level 9. HP: 23/66 MP: 11/11
  7054 | D:6      | Reached skill level 5 in Armour
  7205 | D:7      | Reached skill level 6 in Polearms
  7427 | D:7      | Found a hide-covered altar of Uskayaw.
  7859 | D:7      | Noticed a hippogriff
  7879 | D:7      | Killed a hippogriff
  8361 | D:8      | Reached skill level 7 in Polearms
  8451 | D:8      | Reached skill level 5 in Evocations
  8671 | D:8      | Found a shadowy altar of Dithmenos.
  8694 | D:8      | Reached skill level 5 in Fighting
  8702 | D:8      | Reached * piety under the Shining One
  8916 | D:8      | Reached skill level 8 in Polearms
  8918 | D:8      | Reached XP level 10. HP: 67/75 MP: 13/13
  9302 | D:8      | Found a glowing silver altar of Zin.
  9664 | D:8      | Reached skill level 9 in Polearms
 10015 | D:9      | Found a staircase to the Orcish Mines.
 10031 | D:9      | Reached skill level 1 in Invocations
 10521 | D:9      | Reached ** piety under the Shining One
 10634 | D:9      | Found a stormy altar of Qazlal.
 11211 | D:9      | Found Ticih's Book Shop.
 11220 | D:9      | Bought a book of Maledictions for 250 gold pieces
 11223 | D:9      | Learned a level 1 spell: Corona
 11284 | D:10     | Entered Level 10 of the Dungeon
 11301 | D:10     | Reached skill level 1 in Hexes
 11301 | D:10     | Reached XP level 11. HP: 85/85 MP: 15/15
 11363 | D:10     | Got a polished ring mail
 11390 | D:10     | Identified the cursed +1 ring mail of Zagufec {Regen+ Dex-5 SInv} (You found it on level 10 of the Dungeon)
 11418 | D:10     | Noticed a hill giant
 11498 | D:10     | Reached skill level 1 in Spellcasting
 11550 | D:9      | Reached skill level 10 in Polearms
 11980 | D:10     | Found an opulent altar of Gozag.
 12135 | D:10     | Found a staircase to the Lair.
 12258 | D:10     | Reached *** piety under the Shining One
 12703 | D:10     | Noticed a manticore
 12730 | D:10     | Killed a manticore
 12730 | D:10     | Reached skill level 5 in Dodging
 12730 | D:10     | Reached skill level 5 in Shields
 13424 | Lair:1   | Entered Level 1 of the Lair of Beasts
 14102 | Lair:1   | Reached XP level 12. HP: 92/92 MP: 17/17
 15360 | Lair:2   | Reached skill level 5 in Hexes
 15950 | Lair:2   | Noticed an eight-headed hydra
 16049 | Lair:1   | Reached skill level 5 in Spellcasting
 16398 | Lair:2   | Noticed a death yak
 16398 | Lair:2   | Noticed a death yak
 16398 | Lair:2   | Noticed a death yak
 16450 | Lair:1   | Killed a death yak
 16466 | Lair:1   | HP: 2/95 [death yak (13)]
 16474 | Lair:1   | The Shining One protects you from harm!
 17793 | D:10     | Slain by a death yak

Skill      XL: |  1  2  3  4  5  6  7  8  9 10 11 12 |
---------------+-------------------------------------+-----
Polearms       | 3 4 5 8 9 10 | 10.4
Dodging        | 1 2 3 4 5 6 |  6.3
Evocations     | 2 3 5 6 |  6.0
Armour         | 4 5 6 |  6.1
Shields        | 4 5 6 |  6.3
Fighting       | 4 5 7 9 |  9.5
Invocations    | 3 |  3.5
Hexes          | 1 4 6 |  6.3
Spellcasting   | 3 5 |  5.7

Action                   |  1- 3 |  4- 6 |  7- 9 | 10-12 || total
-------------------------+-------+-------+-------+-------++-------
Melee: Trident           |   129 |   180 |   496 |   989 ||  1794
 Fire: Blowgun           |       |       |       |     3 ||     3
 Cast: Corona            |       |       |       |     7 ||     7
Invok: Divine Shield     |       |       |       |    11 ||    11
Evoke: Wand              |       |       |     3 |    22 ||    25
  Use: Potion            |     2 |     3 |     5 |     5 ||    15
       Scroll            |     2 |     6 |    10 |     6 ||    24
  Eat: Chunk             |     1 |     4 |     8 |    19 ||    32
       Fruit             |       |     2 |     1 |     1 ||     4
       Pizza             |       |     1 |       |     3 ||     4
       Meat ration       |       |       |     1 |       ||     1
       Bread ration      |       |       |     1 |     1 ||     2
       Beef jerky        |       |       |       |     1 ||     1
       Royal jelly       |       |       |       |     1 ||     1
Armor: Scale mail        |    50 |       |       |       ||    50
       Ice dragon scales |       |    49 |   183 |   119 ||   351
       Leather armour    |       |       |       |    69 ||    69
Dodge: Dodged            |    27 |    47 |   151 |   402 ||   627
Block: Shield            |    55 |    69 |   215 |   437 ||   776
